Map: Odyssey LE

Players

Minato

  • Race: Zerg Zerg
  • Spawn Location: 11:00

MythiC - Winner!

  • Race: Terran Terran
  • Spawn Location: 5:00

Event: WCS Valencia 2017

VOD

Have the link to the VOD?

Description

Time

  • Played on: July 13, 2017, 8:31 a.m.
  • Length: 10:13

All games in this series

Show
View Real Time Build Order
Export as new Build Order

Minato Zerg 

Build Orders: Pool First 

Get SALT Encoding   

  12  0:00  Drone  
  13  0:12  Overlord  
  13  0:16  Drone  
  14  0:30  Drone x2  
  14  0:34  Drone  
  17  0:39  Extractor  
  16  0:46  Spawning Pool  
  15  0:50  Drone  
  15  0:56  Drone  
  17  1:17  Hatchery  
  16  1:33  Zergling x6  
  16  1:39  Metabolic Boost  
  19  1:47  Queen  
  21  1:54  Overlord  
  21  1:58  Zergling x2  
  22  2:14  Zergling x2  
  23  2:19  Zergling x2  
  24  2:23  Queen  
  24  2:29  Queen  
  26  2:34  Zergling x4  
  30  2:42  Overlord  
  30  2:46  Drone  
  31  2:53  Drone x2  
  31  3:05  Drone x3  
  30  3:13  Zergling x6  
  33  3:32  Hatchery, Zergling x6  
  35  3:39  Zergling x4  
  35  3:40  Zergling x2  
  38  3:42  Zergling x2  
  38  3:44  Zergling x2  
  38  3:48  Zergling x4  
  40  4:00  Zergling x6  
  40  4:03  Zergling x2  
  34  4:17  Zergling x6  
  34  4:18  Zergling x6  
  34  4:21  Zergling x2  
  34  4:24  Queen  
  41  4:28  Zergling x2  
  42  4:36  Zergling x2  
  42  4:37  Zergling x2  
  45  4:45  Hatchery  
  40  4:46  Zergling x2  
  40  4:50  Queen  
  39  4:58  Zergling x8  
  39  4:59  Zergling x2  
  43  5:07  Overlord x2  
  43  5:12  Overlord  
  43  5:29  Drone x2  
  43  5:30  Drone x5  
  50  5:36  Drone x2  
  50  5:38  Drone  
  50  5:41  Drone  
  54  5:55  Zergling x4  
  56  6:06  Zergling x2  
  56  6:07  Zergling x10  
  56  6:10  Drone x5  
  67  6:14  Baneling Nest  
  67  6:15  Extractor, Evolution Chamber  
  64  6:19  Queen  
  66  6:27  Zergling x6  
  66  6:31  Queen  
  71  6:36  Zergling x6  
  69  6:51  Zergling x8  
  73  6:54  Overlord x2  
  73  7:12  Zerg Melee Weapons Level 1  
  73  7:13  Baneling x3  
  73  7:15  Baneling  
  72  7:18  Zergling x4  
  72  7:19  Zergling x4  
  76  7:22  Zergling x2  
  76  7:23  Zergling x14  
  76  7:24  Baneling  
  76  7:25  Baneling  
  76  7:28  Baneling  
  84  7:30  Drone x2  
  84  7:32  Zergling x4  
  87  7:40  Baneling x2  
  68  7:54  Zergling x4  
  68  7:55  Zergling x16  
  68  7:56  Zergling x4  
  72  8:04  Zergling x2  
  73  8:08  Baneling x4  
  73  8:09  Baneling x3  
  73  8:18  Zergling x10  
  78  8:20  Drone x2  
  78  8:21  Drone  
  78  8:24  Drone  
  70  8:43  Zergling x8  
  70  8:44  Zergling x8  
  79  8:52  Zergling x2  
  79  8:54  Baneling  
  79  8:55  Baneling x8  
  80  8:56  Zergling x6  
  80  8:57  Zergling x2  
  80  9:00  Zergling x8  
  80  9:01  Zergling x2  
  89  9:07  Zergling x4  
  66  9:28  Zergling x20  
  59  9:44  Baneling x3  
  59  9:45  Zergling x10  
  60  9:54  Zergling x2  
Show
View Real Time Build Order
Export as new Build Order

MythiC Terran - Winner!

Build Orders: MMM Bio 

Get SALT Encoding   

  12  0:00  SCV  
  13  0:13  SCV  
  14  0:17  Supply Depot  
  14  0:25  SCV  
  15  0:39  Barracks  
  15  0:40  SCV  
  16  0:44  Refinery  
  16  0:52  SCV  
  17  1:01  Barracks  
  17  1:04  SCV  
  18  1:16  SCV  
  19  1:23  Barracks  
  19  1:28  Reaper  
  20  1:32  Refinery  
  20  1:45  Orbital Command  
  20  1:49  Reaper  
  21  1:58  Supply Depot  
  21  2:02  Reaper  
  22  2:14  Reaper  
  23  2:20  SCV  
  25  2:22  Reaper  
  25  2:25  Supply Depot  
  25  2:32  SCV  
  25  2:34  Reaper  
  27  2:44  SCV  
  27  2:45  Supply Depot  
  27  2:46  Reaper  
  29  2:55  Reaper  
  29  2:56  SCV  
  30  3:06  Reaper  
  30  3:08  SCV  
  32  3:18  Reaper  
  33  3:20  SCV  
  35  3:27  Reaper  
  35  3:28  Command Center  
  35  3:35  SCV  
  35  3:38  Supply Depot  
  36  3:42  Reaper  
  37  3:49  SCV  
  37  3:50  Reaper  
  39  3:59  Reaper  
  40  4:06  Supply Depot  
  40  4:14  Reaper  
  39  4:18  SCV  
  39  4:22  Reaper  
  41  4:24  Factory  
  41  4:30  SCV  
  42  4:32  Refinery  
  43  4:42  SCV  
  41  4:54  SCV  
  41  4:59  Marine x2  
  42  5:00  Orbital Command  
  42  5:06  SCV  
  42  5:11  Engineering Bay  
  44  5:14  Hellion  
  44  5:15  Starport  
  44  5:18  SCV  
  44  5:19  Marine  
  44  5:21  Barracks Tech Lab  
  46  5:24  Barracks Reactor  
  46  5:26  SCV  
  47  5:30  SCV  
  48  5:37  Hellion, Marine  
  48  5:38  SCV  
  48  5:42  Marine  
  53  5:43  Stimpack, SCV  
  53  5:45  Terran Infantry Weapons Level 1  
  54  5:50  SCV  
  54  5:52  Supply Depot  
  54  5:55  SCV, Marine  
  57  6:02  SCV  
  57  6:03  Hellion  
  60  6:07  Barracks Reactor, SCV, Medivac x2  
  60  6:08  Marine, Armory  
  66  6:12  Supply Depot  
  66  6:14  SCV  
  66  6:16  Marine  
  68  6:19  SCV  
  68  6:20  Liberator  
  68  6:22  Supply Depot  
  68  6:24  Hellion  
  71  6:26  Marine, SCV  
  71  6:31  SCV  
  74  6:39  SCV  
  78  6:43  SCV  
  79  6:51  SCV  
  79  6:53  Marine  
  81  6:56  Marine  
  81  6:57  Hellion, Marine  
  81  6:58  Hellion  
  87  7:04  Liberator  
  87  7:13  Supply Depot  
  87  7:14  Marine x3, Supply Depot  
  90  7:17  Liberator, Command Center  
  90  7:19  SCV x2  
  90  7:21  Hellion x2  
  99  7:31  Marine  
  99  7:32  Marine x2  
  105  7:38  Supply Depot  
  105  7:39  Terran Infantry Armor Level 1  
  103  7:47  Liberator  
  103  7:49  Marine  
  89  8:00  Marine x2  
  89  8:01  Hellion x2  
  96  8:06  Barracks x2  
  96  8:09  Combat Shields  
  97  8:14  Refinery  
  97  8:18  Marine x2  
  99  8:22  Barracks Reactor  
  98  8:36  Marine  
  94  8:45  Medivac  
  94  8:46  Orbital Command  
  94  8:47  Medivac  
  97  8:53  Marine  
  93  8:59  Factory Reactor  
  93  9:00  Barracks Reactor  
  93  9:01  Barracks Reactor  
  93  9:04  Marine x3  
  93  9:05  Marine  
  94  9:11  Marine, Engineering Bay  
  94  9:13  SCV x2, Supply Depot  
  97  9:22  Marine x2  
  97  9:23  Medivac x2  
  96  9:29  Marine  
  87  9:40  Marine x5  
  92  9:48  Barracks  
  92  9:49  Marine  
  92  9:50  Supply Depot  
Tags
 
Add a new tag
Caveats
  • Supply blocks, unpowered buildings, or Contaminate may cause inaccurate times.
  • Supply counts are checked every 10 seconds.